AoeStats
← estevoleal

Arabia

504048768Analyzed
1v1 RM · 1mo ago on Sep 3, 2026· 34m 42s· 2 players
Game mode
Random Map
Map size
Tiny (2 player)
Population
200
Speed
Normal
Resources
Standard
Victory
Conquest
Starting age
Dark Age
Ending age
Imperial Age
RankedLock teamsTeams togetherTeam positionsShared explorationLock speedFull tech treeHidden civsTurbo modeCheats
Victory
Defeat
🇧🇷 Persians · Brazil
369
+15
🇪🇸 Teutons · Spain
354
-15
DPuebla91
0:35 Loom
12:14 Feudal Age
13:38 Wheelbarrow
13:11 Double-Bit Axe
25:35 Castle Age
24:43 Fletching
24:59 Stone Mining
25:34 Gold Mining
26:38 Hand Cart
26:41 Bow Saw
28:47 Bodkin Arrow
estevoleal
8:08 Feudal Age
20:55 Castle Age
22:34 Castle Age
Connection lost

Rejoining the realm…

Still unreachable

The connection could not be restored.

Session expired

The server has moved on; the page needs a fresh start.